 Dungeon Sprint DCSS version 0.18-a0-1692-g516f9e9 (webtiles) character file.

570 kae the Bludgeoner (level 7, -6/57 HPs)
             Began as a Minotaur Fighter on Apr 5, 2016.
             Mangled by a boulder beetle (41 damage)
             ... in the Dungeon (Sprint II: "The Violet Keep of Menkaure").
             The game lasted 00:01:09 (799 turns).

kae the Bludgeoner (Minotaur Fighter)                Turns: 799, Time: 00:01:10

Health: -6/57      AC:  6    Str: 21    XL:     7   Next: 11%
Magic:  6/6        EV:  7    Int:  6    God:
Gold:   729        SH:  9    Dex: 10    Spells: 0 memorised, 6 levels left

rFire  . . .     SeeInvis .     a - +0 flail
rCold  . . .     Gourm    .     b - +0 scale mail
rNeg   . . .     Faith    .     c - +0 shield
rPois  .         Spirit   .     (helmet restricted)
rElec  .         Dismiss  .     (no cloak)
rCorr  .         Reflect  .     (no gloves)
SustAt .         Harm     .     (no boots)
MR     .....     NoTele   +     (no amulet)
Stlth  ..........               (no ring)
                                (no ring)

@: not resistant to hostile enchantments, extremely unstealthy
A: retaliatory headbutt, horns 2
a: no special abilities


You were in the Dungeon.
You were not hungry.

You visited 1 branch You collected 729 gold pieces.

Inventory:

Hand Weapons
 a - a +0 flail (weapon)
Armour
 b - a +0 scale mail (worn)
 c - a +0 shield (worn)
Scrolls
 k - a scroll of blinking
Potions
 d - a potion of might
 e - a potion of curing
 g - a potion of heal wounds
 h - a potion of haste
 i - 2 potions of magic
 j - a potion of berserk rage
Comestibles
 f - a bread ration


   Skills:
 - Level 3.6 Fighting
 + Level 17.0 Maces & Flails
 - Level 3.6 Armour
 - Level 3.6 Shields


You had 6 spell levels left.
You didn't know any spells.

Dungeon Overview and Level Annotations

Branches:
Dungeon (1/1)

Altars:


Innate Abilities, Weirdness & Mutations

You reflexively headbutt those who attack you in melee.
You have a pair of horns on your head.


Message History

The boulder beetle bites you!!
You sock the boulder beetle!
The boulder beetle is heavily wounded.
You hit the boulder beetle but do no damage.
The boulder beetle is heavily wounded.
The boulder beetle bites you but does no damage.
You thump the boulder beetle!
The boulder beetle is heavily wounded.
You hit the boulder beetle but do no damage.
You headbutt the boulder beetle, but do no damage.
The boulder beetle is heavily wounded.
The boulder beetle bites you but does no damage.
You hit the boulder beetle but do no damage.
You headbutt the boulder beetle, but do no damage.
The boulder beetle is heavily wounded.
You hit the boulder beetle. You headbutt the boulder beetle.
The boulder beetle is severely wounded.
The boulder beetle bites you!!!
Ouch! That really hurt!
You die...

≈ ##...##.####
#..#).#....# #
##...####..## ##.
##'###.##..#
#$.B##.###..#..#
#'.<.'.##'..#
#...##†###..#....#
##. ##'#
#.##....÷.≈≈ #
##@B# ###≈≈.....≈#
#..## ≈≈≈≈§..≈#
##.# §≈≈≈≈≈§.§#
##+# ≈≈≈≈≈§≈≈≈#
≈≈≈ §≈§≈≈≈≈§≈≈#
#+++ ≈≈ §≈ S≈§


You could see a boulder beetle.

Vanquished Creatures
  A siren (D)
  A crocodile (D)
  4 worker ants (D)
  2 worms (D)
8 creatures vanquished.

Vanquished Creatures (others)
  A boulder beetle (D)
  Menkaure (D)
  A crocodile (D)
3 creatures vanquished.

Grand Total: 11 creatures vanquished

Notes
Turn   | Place    | Note
--------------------------------------------------------------
     0 | D        | kae the Minotaur Fighter began the quest for the Orb.
     0 | D        | Reached XP level 1. HP: 19/19 MP: 0/0
    10 | D        | Reached skill level 4 in Maces & Flails
    12 | D        | Reached skill level 5 in Maces & Flails
    70 | D        | Killed a crocodile
   159 | D        | Killed Menkaure
   231 | D        | Noticed a lava snake
   238 | D        | Noticed a boulder beetle
   238 | D        | Noticed a boulder beetle
   242 | D        | Noticed a worker ant
   242 | D        | Noticed a worker ant
   246 | D        | Killed a worker ant
   246 | D        | Reached skill level 7 in Maces & Flails
   246 | D        | Reached XP level 2. HP: 24/26 MP: 1/1
   246 | D        | Reached XP level 3. HP: 29/31 MP: 2/2
   255 | D        | Reached skill level 9 in Maces & Flails
   289 | D        | Reached skill level 10 in Maces & Flails
   289 | D        | Reached XP level 4. HP: 17/39 MP: 3/3
   470 | D        | Noticed a crocodile
   471 | D        | Noticed an obsidian statue
   479 | D        | Killed a crocodile
   479 | D        | Reached skill level 12 in Maces & Flails
   479 | D        | Reached XP level 5. HP: 15/45 MP: 4/4
   674 | D        | Noticed a siren
   692 | D        | Killed a siren
   692 | D        | Reached skill level 16 in Maces & Flails
   692 | D        | Reached XP level 6. HP: 39/51 MP: 5/5
   779 | D        | Killed a boulder beetle
   779 | D        | Reached skill level 17 in Maces & Flails
   779 | D        | Reached XP level 7. HP: 57/57 MP: 6/6
   799 | D        | Mangled by a boulder beetle

Vault maps used:
D:        the_violet_keep_of_menkaure

Skill      XL: |  1  2  3  4  5  6 |
---------------+-------------------+-----
Maces & Flails | 7 10 12 16 17 | 17.0
Fighting       | |  3.6
Armour         | |  3.6
Shields        | |  3.6

Action                   |  1- 3 |  4- 6 |  7- 9 || total
-------------------------+-------+-------+-------++-------
Melee: Flail             |    25 |    32 |    17 ||    74
